 Dungeon Crawl Stone Soup version 0.29.1-13-g9f3cf754e1 (webtiles) character file.

Game seed: 5624835831454867394

2746 theswoord the Cruncher (level 9, -4/91 HPs)
             Began as a Demonspawn Gladiator on Jan 24, 2023.
             Was a Follower of Yredelemnul.
             Slain by an orc warrior
             ... wielding a +0 halberd
              (18 damage)
             ... in a bailey.
             The game lasted 00:18:20 (8764 turns).

theswoord the Cruncher (Demonspawn Gladiator)       Turns: 8764, Time: 00:18:20

Health: -4/91      AC: 13    Str: 19    XL:     9   Next: 41%
Magic:  9/9        EV:  8    Int:  9    God:    Yredelemnul [*.....]
Gold:   273        SH:  0    Dex: 21    Spells: 8/8 levels left

rFire   . . .      SeeInvis .   a - +1 quarterstaff
rCold   . . .      Faith    .   (shield currently unavailable)
rNeg    . . .      Spirit   .   u - +0 chain mail
rPois   +          Reflect  .   c - +1 helmet
rElec   .          Harm     .   (no cloak)
rCorr   .          Rampage  .   (no gloves)
Will    .....                   (no boots)
Stlth   ..........              (no amulet)
HPRegen 0.25/turn               r - +6 ring of dexterity
MPRegen 0.11/turn               G - ring of poison resistance

@: berserking, very quick
A: hooves 1, yellow scales 2, demonic guardian 1
a: Renounce Religion, Recall Undead Harvest


You were in a bailey.
You worshipped Yredelemnul.
Yredelemnul was noncommittal.
You visited 2 branches of the dungeon, and saw 8 of its levels.
You also visited: Ossuary and Bailey.

You collected 273 gold pieces.

Inventory:

Hand Weapons
 a - a +1 quarterstaff (weapon)
 h - a +1 whip of distortion
Missiles
 d - a throwing net (quivered)
 e - a javelin
Armour
 b - a +0 leather armour
 c - a +1 helmet (worn)
 i - a +0 scale mail
 u - a +0 chain mail (worn)
Jewellery
 r - a +6 ring of dexterity (left hand)
 G - a ring of poison resistance (right hand)
Scrolls
 n - 3 scrolls of enchant armour
 p - 2 scrolls of teleportation
 w - a scroll of blinking
 y - a scroll of magic mapping
 B - a scroll of immolation
 E - 2 scrolls of silence
 F - a scroll of torment
 H - a scroll of identify
Potions
 f - a potion of flight
 g - 3 potions of might
 j - a potion of brilliance
 k - 3 potions of mutation
 l - a potion of attraction
 m - 2 potions of degeneration
 q - a potion of cancellation {unknown}
 s - a potion of magic {unknown}
 z - 2 potions of resistance
 A - a potion of lignification
 C - a potion of curing {unknown}
 D - a potion of haste {unknown}


   Skills:
 - Level 2.0 Fighting
 + Level 12.1 Staves
 - Level 1.7 Throwing
 - Level 2.6 Dodging


You had 8 spell levels left.
You didn't know any spells.
Your spell library was empty.

Dungeon Overview and Level Annotations

Branches:
Dungeon (7/15)             Temple (1/1) D:7         Ossuary (visited)
 Bailey (1/1)

Altars:
Ashenzari
Dithmenos
Gozag
Kikubaaqudgha
Makhleb
Nemelex Xobeh
Okawaru
Ru
Sif Muna
Trog
Vehumet
Wu Jian
Xom
Yredelemnul


Innate Abilities, Weirdness & Mutations

You have large cloven feet.
You are mostly covered in yellow scales. (AC +3)
A weak demonic guardian rushes to your aid.


Message History

Your quasit bites the centaur but does no damage.
Your quasit claws the centaur but does no damage. x2
Your orc zombie barely misses the centaur.
Okay, then.
Okay, then.
Okay, then.
Okay, then.
Okay, then.
Press: ? - help, v - describe, . - travel
Here: a centaur, wielding a +0 spear, wearing a +0 ring mail and quivering javelins (lightly wounded, ally target)
The floor.
Okay, then.
The centaur throws a javelin.
The javelin pierces through you!
* * * LOW HITPOINT WARNING * * *
A red film seems to cover your vision as you go berserk!
You feel yourself moving faster!
You feel mighty!
The centaur hits you but does no damage.
The orc warrior hits you from afar with a +0 halberd!
* * * LOW HITPOINT WARNING * * *
Your quasit bites the centaur but does no damage.
Your quasit claws the centaur but does no damage.
Your quasit barely misses the centaur.
You feel a strong urge to attack something.
The centaur hits you but does no damage.
The centaur kicks you.
* * * LOW HITPOINT WARNING * * *
Your orc warrior zombie hits the centaur.
The orc warrior barely misses you.
Your quasit bites the centaur but does no damage.
Your quasit claws the centaur.
Your quasit claws the centaur but does no damage.
You hit the centaur. You kick the centaur!
You kill the centaur!
The dead are walking!
Unknown command.
You sock the orc warrior! You kick the orc warrior!
The orc warrior is heavily wounded.
The orc warrior hits you with a +0 halberd!!
You die...
Your body rises from the dead as a mindless zombie.

≈.Z⌠.⌠..≈.≈≈.≈.#..+
...∩∩∩..≈)...≈.#..+
≈..⌠.⌠..≈.≈≈.≈.#..+
≈≈≈...≈≈≈.≈.≈≈.#).#
..≈≈≈≈≈..≈≈.≈.##..#
≈≈.....≈≈≈.≈≈.#⌠).#
.≈≈≈≈≈≈≈..≈≈..#.).#
≈.......≈≈≈.⌠.#..Z#
≈≈≈≈≈≈≈≈≈....##o@.#
#####)5..#
#⌠...Z.Z.#
.........##
........##
≈≈≈≈≈≈≈## #######


You could see an orc warrior (ally target), a friendly quasit (summoned), a
friendly orc zombie, a friendly orc warrior zombie and a friendly centaur
zombie.

Vanquished Creatures
  3 orc warriors (Bailey)
  2 ice beasts (D:5)
  2 centaurs (Bailey)
  2 phantoms
  9 scorpions
  2 howler monkeys
  2 centaur zombies (Ossuary)
  7 hounds
  4 jellies
  An orc priest (D:6)
  4 iguanas
  4 scorpion zombies (Ossuary)
  Natasha (thrice) (D:2)
  An orc wizard (D:4)
  3 mummies (Ossuary)
  A gnoll (D:7)
  4 adders
  2 shadow imps
  3 ufetubi (D:6)
  A dart slug (D:5)
  30 orcs
  6 bats
  9 endoplasms
  6 giant cockroaches
  7 goblins
  8 hobgoblins
  6 jackals
  9 kobolds
  6 quokkas
  7 ball pythons
  3 frilled lizards
  2 goblin zombies (Ossuary)
  A hobgoblin zombie (Ossuary)
  A kobold zombie (Ossuary)
  7 rats
168 creatures vanquished.

Vanquished Creatures (collateral kills)
  Menkaure (D:6)
  An orc warrior (Bailey)
  An ogre (D:6)
  A centaur (D:6)
4 creatures vanquished.

Vanquished Creatures (others)
  A centaur zombie (Bailey)
  8 orc zombies (Bailey)
  A bush (D:4)
10 creatures vanquished.

Grand Total: 182 creatures vanquished

Notes
Turn   | Place    | Note
-------+----------+-------------------------------------------
     0 | D:1      | theswoord the Demonspawn Gladiator began the quest for the
                  | Orb.
     0 | D:1      | Reached XP level 1. HP: 16/16 MP: 1/1
   149 | D:1      | Reached skill level 3 in Staves
   256 | D:1      | Found a faded altar of an unknown god.
   267 | D:1      | Gained mutation: A weak demonic guardian rushes to your
                  | aid. [demonic ancestry]
   267 | D:1      | Reached XP level 2. HP: 18/22 MP: 2/2
   896 | D:2      | Gained mutation: You are partially covered in yellow
                  | scales. (AC +2) [demonic ancestry]
   896 | D:2      | Reached XP level 3. HP: 27/27 MP: 3/3
  1155 | D:2      | Reached skill level 4 in Staves
  1195 | D:2      | Noticed Natasha
  1201 | D:2      | Killed Natasha
  1219 | D:2      | Reached XP level 4. HP: 33/33 MP: 4/4
  1224 | D:2      | Noticed Natasha
  1235 | D:2      | Killed Natasha
  1436 | D:2      | Noticed Natasha
  1444 | D:2      | Killed Natasha
  1445 | D:2      | Reached skill level 5 in Staves
  2034 | D:3      | Gained mutation: You are mostly covered in yellow scales.
                  | (AC +3) [demonic ancestry]
  2034 | D:3      | Reached XP level 5. HP: 33/38 MP: 5/5
  2091 | D:3      | Found an ornate altar of the Wu Jian Council.
  2358 | D:3      | Identified the +3 spear of Ulomogg {vorpal, *Noise rF+++
                  | rN+ Int+4}
  2587 | D:3      | Found a sacrificial altar of Ru.
  2727 | D:4      | Found a burning altar of Makhleb.
  2911 | D:4      | Reached skill level 6 in Staves
  2918 | D:4      | Reached XP level 6. HP: 27/44 MP: 6/6
  2945 | D:4      | Found an ancient bone altar of Kikubaaqudgha.
  2960 | D:4      | Found a sand-covered staircase.
  2965 | Ossuary  | Entered an ossuary
  3218 | Ossuary  | Reached skill level 7 in Staves
  3490 | Ossuary  | Reached XP level 7. HP: 48/50 MP: 7/7
  3564 | Ossuary  | Reached skill level 8 in Staves
  4799 | D:4      | Reached skill level 9 in Staves
  4799 | D:4      | Reached XP level 8. HP: 44/56 MP: 8/8
  5388 | D:5      | Entered Level 5 of the Dungeon
  6016 | D:5      | Reached skill level 10 in Staves
  6100 | D:5      | Found a sparkling altar of Nemelex Xobeh.
  6781 | D:6      | Noticed Menkaure
  6790 | D:6      | Killed Menkaure
  7367 | D:6      | Reached skill level 11 in Staves
  8091 | D:6      | Gained mutation: You have large cloven feet. [demonic
                  | ancestry]
  8091 | D:6      | Reached XP level 9. HP: 57/61 MP: 9/9
  8203 | D:7      | Found a flagged portal.
  8265 | D:7      | Found a staircase to the Ecumenical Temple.
  8290 | Temple   | Entered the Ecumenical Temple
  8304 | Temple   | Became a worshipper of Yredelemnul the Dark
  8350 | Bailey   | Entered a bailey
  8393 | Bailey   | Reached * piety under Yredelemnul
  8483 | Bailey   | Reached ** piety under Yredelemnul
  8723 | Bailey   | Reached skill level 12 in Staves
  8756 | Bailey   | HP: 1/61 [centaur/javelin (8)]
  8764 | Bailey   | Slain by an orc warrior

Skill      XL: |  1  2  3  4  5  6  7  8  9 |
---------------+----------------------------+-----
Staves         | 3 4 5 6 7 9 11 12 | 12.1
Fighting       | |  2.0
Throwing       | |  1.7
Dodging        | |  2.6

Action                   |  1- 3 |  4- 6 |  7- 9 || total
-------------------------+-------+-------+-------++-------
Melee: Quarterstaff      |   103 |   185 |   374 ||   662
       Kick              |       |       |    21 ||    21
Throw: Throwing net      |       |       |     3 ||     3
Invok: Recall Undead Har |       |       |     1 ||     1
  Use: Scroll            |     2 |     8 |    15 ||    25
       Potion            |       |       |     5 ||     5
 Stab: Held in net/web   |       |       |     3 ||     3
       Distracted        |       |       |     3 ||     3
Armor: Leather armour    |     4 |       |       ||     4
       Scale mail        |    58 |    37 |       ||    95
       Chain mail        |       |    51 |   222 ||   273
Dodge: Dodged            |    61 |    83 |   147 ||   291

Levels and vault maps discovered:
D:1:      saegor_arrival_under_anarchy, layout_basic,
          chequers_ecumenical_altar_simple, hangedman_decor_lopped
D:2:      layout_loops_ring, st_stairs_4, uniq_natasha
D:3:      layout_basic, mainiacjoe_overflow_cross_hatched,
          mainiacjoe_overflow_catwalk_spiral, st_stairs_1
D:4:      layout_basic, makhleb_heckhound_becter, kiku_gazebo_garden_becter,
          enter_ossuary_5, kennysheep_minor_cross, minmay_hedge_maze,
          dreamdust_princess_corridor
D:5:      layout_basic, kennysheep_little_box
D:6:      layout_layer_cave, uniq_menkaure
D:7:      layout_basic, tso_metal_star, minmay_temple_entry_large_hall,
          lightli_bailey_entry_fortress
Temple:   compressed_dpeg_triangle_lava_temple
Bailey:   bailey_polearm_flooded_kennysheep, bailey
